 Dungeon Crawl Stone Soup version 0.30-a0-622-gddc90eaa04 (webtiles) character file.

Game seed: 14054104533073645361

77 gelatine the Firebug (level 4, -7/30 HPs)
             Began as a Demonspawn Fire Elementalist on Jan 10, 2023.
             Killed by divine providence
             ... invoked by an orc priest
              (14 damage)
             ... on level 3 of the Dungeon.
             The game lasted 00:04:47 (2552 turns).

gelatine the Firebug (Demonspawn Fire Elementalist) Turns: 2552, Time: 00:04:47

Health: -7/30      AC:  4    Str:  9    XL:     4   Next: 13%
Magic:  0/7        EV: 12    Int: 18    God:
Gold:   133        SH:  0    Dex: 13    Spells: 5/8 levels left

rFire   . . .      SeeInvis +    i - +0 short sword (elec)
rCold   . . .      Faith    .    (no shield)
rNeg    . . .      Spirit   .    a - +0 robe
rPois   .          Reflect  .    f - +1 helmet
rElec   .          Harm     .    (no cloak)
rCorr   .          Rampage  .    (no gloves)
Will    .....                    (no boots)
Stlth   ++                       h - amulet of the acrobat
HPRegen 0.25/turn                j - ring of see invisible
MPRegen 0.10/turn                (no ring)

@: very slightly contaminated
A: weakness stinger 1
a: no special abilities


You were on level 3 of the Dungeon.
You visited 1 branch of the dungeon, and saw 3 of its levels.

You collected 133 gold pieces.

Inventory:

Hand Weapons
 i - a +0 short sword of electrocution (weapon)
Armour
 a - a +0 robe (worn)
 f - a +1 helmet (worn)
Jewellery
 h - an amulet of the acrobat (around neck)
 j - a ring of see invisible (left hand)
Scrolls
 c - 2 scrolls of silence {unknown}
 e - 4 scrolls of identify {unknown}
 g - 2 scrolls of enchant weapon {unknown}
Potions
 d - a potion of degeneration {unknown}


   Skills:
 + Level 2.0 Dodging
 + Level 1.9 Stealth
 + Level 2.6 Spellcasting
 + Level 1.5 Conjurations
 + Level 3.8 Fire Magic


You had 5 spell levels left.
You knew the following spells:

 Your Spells              Type           Power      Damage    Failure   Level
a - Foxfire               Conj/Fire      48%        2x1d6     5%          1
b - Scorch                Fire           32%        2d6       5%          2

Your spell library contained the following spells:

 Spells                   Type           Power      Damage    Failure   Level
 Inner Flame              Hex/Fire       9%         N/A       24%         3
 Kindle Blastsparks       Fire/Tloc/Air  12%        2d11      30%         3
 Flame Wave               Conj/Fire      12%        2d6       50%         4


Dungeon Overview and Level Annotations

Branches:
Dungeon (3/15)

Altars:
Yredelemnul

Shops:
D:1 *


Innate Abilities, Weirdness & Mutations

You have a small tail.


Message History

You kill the orc!
The orc barely misses you.
Casting: Scorch (safe; 5% risk of failure)
Confirm with . or Enter, or press ? or * to list all spells.
Flames lash the orc.
You kill the orc!
Your foxfire dissipates!
The orc attacks as you move away! The orc closely misses you.
You barely miss the orc. The orc hits you but does no damage.
The orc priest invokes the aid of Beogh against you.
Beogh smites you!
You barely miss the orc. The orc hits you with a +0 whip.
You barely miss the orc. The orc completely misses you.
Magic courses through your body. The orc hits you with a +0 whip.
Casting: Scorch (safe; 5% risk of failure)
Confirm with . or Enter, or press ? or * to list all spells.
Flames lash the orc priest.
The orc priest is severely wounded.
The orc priest's fire resistance burns away.
The orc hits you with a +0 whip.
* * * LOW HITPOINT WARNING * * *
Your magical contamination has completely faded away.
Casting: Scorch (safe; 5% risk of failure)
Confirm with . or Enter, or press ? or * to list all spells.
You miscast Scorch.
You are very lightly contaminated with residual magic.
Nothing appears to happen.
The orc closely misses you.
Casting: Scorch (safe; 5% risk of failure)
Confirm with . or Enter, or press ? or * to list all spells.
Flames lash the orc.
The orc is severely wounded.
The orc's fire resistance burns away.
The orc hits you with a +0 whip.
* * * LOW HITPOINT WARNING * * *
Casting: Scorch (safe; 5% risk of failure)
Confirm with . or Enter, or press ? or * to list all spells.
Flames lash the orc.
The orc is burned terribly!
You kill the orc!
The orc priest calls down the wrath of Beogh upon you.
Beogh smites you!
You die...

#.. #...
#...#####
.......#
#.....#
#.....####...
#...)o.......
#)# #@#
#[#### #....#
####.# #.#
#.# #.# #)#
#.#


You could see an orc priest (combustible).

Vanquished Creatures
  An orc priest (D:3)
  3 orcs (D:3)
  4 ball pythons
  9 bats
  2 endoplasms (D:1)
  9 hobgoblins
  3 quokkas
  2 frilled lizards (D:2)
  3 goblins
  6 kobolds
  5 rats
47 creatures vanquished.

Vanquished Creatures (others)
  142 foxfires
142 creatures vanquished.

Grand Total: 189 creatures vanquished

Notes
Turn   | Place    | Note
-------+----------+-------------------------------------------
     0 | D:1      | gelatine the Demonspawn Fire Elementalist began the quest
                  | for the Orb.
     0 | D:1      | Reached XP level 1. HP: 13/13 MP: 3/3
   191 | D:1      | Reached skill level 3 in Fire Magic
   445 | D:1      | Gained mutation: You have a small tail. [demonic ancestry]
   445 | D:1      | Reached XP level 2. HP: 17/19 MP: 0/5
   709 | D:1      | Found Xahir's General Store.
  1464 | D:2      | Learned a level 2 spell: Scorch
  1493 | D:2      | Reached XP level 3. HP: 24/24 MP: 3/6
  1782 | D:2      | Found a basalt altar of Yredelemnul.
  2488 | D:3      | Reached XP level 4. HP: 30/30 MP: 3/7
  2552 | D:3      | Killed from afar by an orc priest

Illustrated notes

Levels and vault maps discovered:
D:1:      lightli_arrival_statue_moat, layout_basic, serial_shops, shop
D:2:      layout_basic, basic_altar, minmay_misc_feat_nine_boxes
D:3:      layout_basic, chequers_temple_overflow_minitemple,
          kennysheep_generic_room_14

Skill      XL: |  1  2 |
---------------+-------+-----
Fire Magic     | 3 |  3.8
Dodging        | 2 |  2.0
Stealth        | |  1.9
Spellcasting   | |  2.6
Conjurations   | |  1.5

Action                   |  1- 3 |  4- 6 || total
-------------------------+-------+-------++-------
Melee: Unarmed           |     9 |       ||     9
       Tailslap          |     3 |       ||     3
       Short sword       |     2 |     3 ||     5
 Cast: Foxfire           |    84 |     1 ||    85
       Scorch            |     1 |     5 ||     6
  Use: Potion            |       |     1 ||     1
Armor: Robe              |    10 |     1 ||    11
Dodge: Dodged            |    22 |     4 ||    26

Table legend: (Time is in decaauts)
 A = Elapsed time spent in this place.
 B = Non-inter-level travel time spent in this place.
 C = Inter-level travel time spent in this place.
 D = Time resting spent in this place.
 E = Time spent auto-exploring this place.
 F = Levels seen in this place.
 G = Mean time per level.
                   A        B        C        D        E       F      G
               +--------+--------+--------+--------+--------+-----+--------+
         Total |   2550 |   2434 |    116 |      0 |   2104 |   3 |  850.0 |
       Dungeon |   2550 |   2434 |    116 |      0 |   2104 |   3 |  850.0 |
               +--------+--------+--------+--------+--------+-----+--------+

Top non-repeatable levels by time:
     D:1: 1458 daAuts
     D:2: 1013 daAuts
     D:3: 78 daAuts
